 Dungeon Crawl Stone Soup version 0.32-a0-314-g526f7d4993 (webtiles) character file.

Game seed: 16683385756704519497

20705 Sobieck the Arsonist (level 12, -6/123 HPs)
             Began as an Oni Fire Elementalist on Feb 15, 2024.
             Was an Elder of Vehumet.
             Mangled by an elephant (8 damage)
             ... on level 2 of the Lair of Beasts.
             The game lasted 00:30:22 (19022 turns).

Sobieck the Arsonist (Oni Fire Elementalist)       Turns: 19022, Time: 00:30:22

Health: -6/123     AC:  4    Str: 15    XL:     12   Next: 82%
Magic:  8/24       EV: 21    Int: 20    God:    Vehumet [****..]
Gold:   587        SH:  0    Dex:  9    Spells: 16/28 levels left

rFire   . . .        H - +6 shillelagh "Devastator" {shatter}
rCold   . . .        (no shield)
rNeg    . . .        a - +1 robe
rPois   .            r - +0 hat
rElec   .            (no cloak)
rCorr   .            (gloves unavailable)
SInv    .            (boots unavailable)
Will    +....        (no amulet)
Stlth   +++          O - +5 ring of evasion
HPRegen 0.40/turn    x - +5 ring of evasion
MPRegen 0.19/turn

%: no passive effects
@: no status effects
A: large, unfitting armour, horns 1, tough skin 1, double potion healing,
drunken brawling
a: Renounce Religion


You were on level 2 of the Lair of Beasts.
You worshipped Vehumet.
Vehumet was greatly pleased with you.
You visited 3 branches of the dungeon, and saw 15 of its levels.

You collected 883 gold pieces.
You spent 296 gold pieces at shops.

Inventory:

Hand Weapons
 c - a +5 whip
 h - a +1 dagger of flaming
 D - a +3 scimitar of flaming
 H - the +6 shillelagh "Devastator" (weapon) {shatter}
   (You found it on level 9 of the Dungeon)
Missiles
 j - 100 stones
 k - 25 poisoned darts
 t - 10 boomerangs
 v - 6 javelins
 w - 4 large rocks
 F - 3 curare-tipped darts
Armour
 a - a +1 robe (worn)
 l - a +0 kite shield
 r - a +0 hat (worn)
 B - the orb of the Original Sin {*Rage, rElec rC- Slay+2}
   (You took it off an orc wizard on level 9 of the Dungeon)

   Slay+2:    It affects your accuracy & damage with ranged weapons and melee
   (+2).
   rC-:       It makes you vulnerable to cold.
   rElec:     It insulates you from electricity.
 W - a scarf of resistance
Magical Staves
 o - a staff of air
 P - a staff of alchemy
Jewellery
 g - a ring of resist corrosion
 s - a ring of see invisible
 x - a +5 ring of evasion (right hand)
 C - a +6 ring of strength
 L - a ring of fire
 O - a +5 ring of evasion (left hand)
Wands
 q - a wand of mindburst (9)
 E - a wand of charming (10)
 I - a wand of iceblast (19)
 K - a wand of polymorph (4)
Scrolls
 b - 3 scrolls of blinking
 f - 2 scrolls of enchant armour
 y - 2 scrolls of immolation
 z - a scroll of noise
 A - 3 scrolls of poison
 J - a scroll of silence {!r}
 M - a scroll of revelation
 N - 2 scrolls of amnesia
 R - 4 scrolls of identify
 S - a scroll of vulnerability
 T - 2 scrolls of teleportation
 V - a scroll of enchant weapon
Potions
 d - 3 potions of lignification
 e - 2 potions of cancellation
 i - 3 potions of resistance
 m - 4 potions of enlightenment
 n - a potion of brilliance
 p - a potion of berserk rage
 u - 3 potions of attraction
 G - a potion of might
 Q - 6 potions of curing
 U - a potion of mutation


   Skills:
 + Level 9.2 Fighting
 + Level 2.2 Maces & Flails
 + Level 7.6 Dodging
 + Level 4.9 Stealth
 + Level 2.8 Shields
 + Level 8.8 Spellcasting
 + Level 6.8 Conjurations
 * Level 10.9 Fire Magic
 + Level 4.9 Evocations


You had 16 spell levels left.
You knew the following spells:

 Your Spells              Type           Power      Damage    Failure   Level
a - Foxfire               Conj/Fire      100%       2x1d9     1%          1
b - Scorch                Fire           100%       2d9       1%          2
c - Flame Wave            Conj/Fire      44%        2d11      1%          4
d - Fireball              Conj/Fire      22%        3d10      1%          5

Your spell library contained the following spells:

 Spells                   Type           Power      Damage    Failure   Level
 Mephitic Cloud           Conj/Alch/Air  17%        N/A       2%          3
 Momentum Strike          Conj/Tloc      44%        3d9       1%          2
 Static Discharge         Conj/Air       44%        3-5/arc   1%          2
 Inner Flame              Hex/Fire       30%        N/A       1%          3
 Volatile Blastmotes      Fire/Tloc      60%        2d15      1%          3
 Sticky Flame             Fire/Alch      30%        2d7       2%          4
 Iskenderun's Battlesphe  Conj           36%        2d9       3%          5
 Brom's Barrelling Bould  Conj/Erth      22%        2d4       5%          4
 Frozen Ramparts          Ice            16%        1d3       7%          3
 Blink                    Tloc           16%        N/A       12%         2
 Lesser Beckoning         Tloc           16%        N/A       12%         2
 Airstrike                Air            4%         2d(1-17)  21%         4
 Gell's Gravitas          Tloc           8%         N/A       24%         3
 Teleport Other           Tloc           8%         N/A       24%         3
 Tukima's Dance           Hex            8%         N/A       24%         3
 Yara's Violent Unravell  Hex/Alch       4%         3d4       45%         5
 Conjure Ball Lightning   Conj/Air       11%        3x3d6     56%         6
 Cause Fear               Hex            4%         N/A       61%         4
 Leda's Liquefaction      Alch/Erth      4%         N/A       61%         4
 Passage of Golubria      Tloc           8%         N/A       61%         4
 Petrify                  Alch/Erth      8%         N/A       61%         4
 Summon Lightning Spire   Summ/Air       8%         N/A       61%         4
 Orb of Destruction       Conj           18%        9d8       67%         7
 Metabolic Englaciation   Hex/Ice        4%         N/A       91%         5
 Dispersal                Tloc           4%         N/A       100%        6
 Discord                  Hex            4%         N/A       100%        8
 Disjunction              Tloc           4%         N/A       100%        8
 Dragon's Call            Summ           4%         N/A       100%        9


Dungeon Overview and Level Annotations

Branches:
Dungeon (12/15)            Temple (1/1) D:4            Lair (2/5) D:8
  Snake (0/4) Lair:2
  Swamp: Lair:2-3    Shoals: Lair:2-3       Orc: D:9-12

Altars:
Ashenzari
Cheibriados
Dithmenos
Elyvilon
Fedhas
Gozag
Hepliaklqana
Kikubaaqudgha
Makhleb
Nemelex Xobeh
Okawaru
Qazlal
Ru
Sif Muna
Trog
Uskayaw
Vehumet
Wu Jian
Xom
Yredelemnul
Zin
The Shining One

Shops:
D:7 ?   D:12 !


Innate Abilities, Weirdness & Mutations

You are too large for most types of armour.
You have a pair of small horns on your head.
You have tough skin. (AC +1)
You gain doubled healing and magic from potions.
Whenever you drink a healing potion, you attack all around you.


Message History

Unknown command.
You feel very sick. The elephant barely misses you.
The elephant trunk-slaps you.
* * * LOW HITPOINT WARNING * * *
You feel sick. The elephant attacks as it pursues you!
The elephant tramples you!
* * * LOW HITPOINT WARNING * * *
You stumble backwards!
You can't go up here!
Unknown command.
Unknown command.
You sock the elephant!
The elephants shudder.
You kill the elephant!
Vehumet accepts your kill.
The elephant is lightly wounded.
You feel sick.
You hit the elephant.
The elephant shudders.
The elephant is lightly wounded. x2
You feel sick.
The elephant tramples you but does no damage.
The elephant misses you.
Unknown command.
You hit the elephant but do no damage. Your headbutt misses the elephant.
The elephant is lightly wounded.
You feel sick. The elephant barely misses you. The elephant trunk-slaps you.
* * * LOW HITPOINT WARNING * * *
The elephant tramples you but does no damage.
The elephant trunk-slaps you but does no damage.
You sock the elephant!
The elephant shudders.
The elephant is heavily wounded.
You headbutt the elephant.
The elephant is heavily wounded.
You feel sick. The elephant misses you. The elephant closely misses you.
Casting: Fireball (mildly dangerous; 1% risk of failure)
Confirm with . or Enter, or press ? or * to list all spells.
A wave of flame ripples out!
The flame wave engulfs the elephant!
The elephant is severely wounded. (Press . to intensify the flame waves.)
You feel sick.
You are no longer poisoned.
The elephant tramples you!
* * * LOW HITPOINT WARNING * * *
You hold your ground!
The elephant closely misses you.
A wave of flame ripples out!
The flame wave engulfs the elephant.
The elephant is severely wounded.
The elephant barely misses you. x2
A wave of flame ripples out!
The flame wave engulfs the elephant!
The elephant is almost dead.
The elephant tramples you!
You die...

#### ### #...## #..#.
...... #..## #......
##...###.......
#.....@.......!
#####....Y........
#.#...............
##......#..†.......
###.....###..........
#....<### #..##......
.....#### #...#
...... ...# #.~~~~~
P..... .. #~.~~~~~~~
##...


You could see an elephant.

Vanquished Creatures
  Erica (D:8)
  5 death yaks (Lair:1)
  4 two-headed ogres
  A centaur warrior (D:11)
  A black mamba (Lair:1)
  3 elephants
  A gargoyle (D:9)
  2 cane toads (Lair:1)
  2 unseen horrors (D:11)
  A rime drake (D:8)
  2 komodo dragons (Lair:1)
  A kobold demonologist (D:12)
  A polar bear (D:8)
  2 hornets
  3 blink frogs (Lair:1)
  Sigmund (D:6)
  2 vampires
  A shadow (D:10)
  4 wyverns
  3 wraiths
  A yak (shapeshifter) (D:12)
  Grum (D:9)
  10 yaks
  A basilisk (D:12)
  6 vampire mosquitoes
  An acid dragon (D:10)
  4 water moccasins
  4 black bears
  7 ice beasts
  2 orc warriors
  An ogre (D:5)
  2 centaurs
  3 wolves
  A kobold brigand (D:10)
  A bullfrog (D:9)
  3 scorpions
  14 wights
  4 killer bees (D:8)
  An electric eel (D:8)
  4 howler monkeys
  4 jellies
  A bombardier beetle (D:3)
  A gnoll bouda (D:7)
  9 orc priests
  A hound (D:7)
  3 sleepcaps
  8 iguanas
  13 orc wizards
  Natasha (thrice) (D:2)
  4 gnolls (D:7)
  5 adders
  14 white imps
  A howler monkey simulacrum (D:11)
  4 dart slugs
  3 ribbon worms
  40 orcs
  6 endoplasms
  4 giant cockroaches
  6 hobgoblins
  8 jackals
  4 quokkas
  8 ball pythons
  9 bats
  A frilled lizard (D:1)
  8 goblins
  12 kobolds
  5 rats
297 creatures vanquished.

Vanquished Creatures (others)
  922 foxfires
922 creatures vanquished.

Grand Total: 1219 creatures vanquished

Notes
Turn   | Place    | Note
-------+----------+-------------------------------------------
     0 | D:1      | Sobieck the Oni Fire Elementalist began the quest for the
                  | Orb.
     0 | D:1      | Reached XP level 1. HP: 16/16 MP: 3/3
    96 | D:1      | Reached skill level 1 in Conjurations
    96 | D:1      | Reached XP level 2. HP: 26/26 MP: 0/5
    99 | D:1      | Learned a level 2 spell: Scorch
   346 | D:1      | Reached skill level 3 in Fire Magic
   442 | D:1      | Reached XP level 3. HP: 32/32 MP: 2/6
   499 | D:1      | Reached skill level 1 in Fighting
   865 | D:1      | Reached XP level 4. HP: 40/41 MP: 0/8
  1690 | D:2      | Noticed Natasha
  1693 | D:2      | Killed Natasha
  1694 | D:2      | Reached skill level 1 in Evocations
  2000 | D:2      | Found a faded altar of an unknown god.
  2051 | D:2      | Noticed Natasha
  2061 | D:2      | Killed Natasha
  2062 | D:2      | Reached skill level 3 in Spellcasting
  2062 | D:2      | Reached XP level 5. HP: 43/49 MP: 4/9
  2183 | D:2      | Noticed Natasha
  2188 | D:2      | Killed Natasha
  2284 | D:2      | Found a glowing golden altar of the Shining One.
  2631 | D:3      | Found a shimmering altar of Xom.
  2752 | D:3      | Found a basalt altar of Yredelemnul.
  3034 | D:3      | Reached XP level 6. HP: 57/57 MP: 4/10
  3542 | D:3      | Found a snail-covered altar of Cheibriados.
  3919 | D:4      | Found a staircase to the Ecumenical Temple.
  3934 | D:4      | Reached skill level 4 in Fire Magic
  3944 | Temple   | Entered the Ecumenical Temple
  3962 | Temple   | Became a worshipper of Vehumet
  4351 | D:4      | Reached XP level 7. HP: 43/66 MP: 4/12
  4867 | D:4      | Reached skill level 3 in Fighting
  4867 | D:4      | Reached skill level 3 in Dodging
  5027 | D:5      | Entered Level 5 of the Dungeon
  5041 | D:5      | Found a bloodstained altar of Trog.
  5224 | D:5      | Reached * piety under Vehumet
  5224 | D:5      | Offered knowledge of Sting by Vehumet.
  5365 | D:5      | Noticed a yak
  5373 | D:5      | Noticed a yak
  5374 | D:5      | Noticed a yak
  5374 | D:5      | Noticed a yak
  5383 | D:6      | Killed a yak
  5527 | D:5      | Reached XP level 8. HP: 78/78 MP: 5/14
  5694 | D:5      | Reached skill level 3 in Conjurations
  5694 | D:5      | Reached skill level 5 in Fire Magic
  5741 | D:5      | Reached skill level 3 in Stealth
  6158 | D:4      | Killed a yak
  6260 | D:4      | Killed a yak
  6333 | D:5      | Noticed a yak
  6340 | D:4      | Killed a yak
  6439 | D:5      | Killed a yak
  6440 | D:5      | Reached skill level 3 in Evocations
  6440 | D:5      | Reached XP level 9. HP: 70/88 MP: 8/16
  6697 | D:5      | Found a sparkling altar of Nemelex Xobeh.
  6969 | D:6      | Found a radiant altar of Vehumet.
  6977 | D:6      | Reached skill level 6 in Fire Magic
  7282 | D:6      | Found a burning altar of Makhleb.
  7325 | D:6      | Noticed Sigmund
  7329 | D:6      | Killed Sigmund
  7544 | D:6      | Found a stormy altar of Qazlal.
  7618 | D:6      | Found a glowing silver altar of Zin.
  7812 | D:7      | Found an opulent altar of Gozag.
  8252 | D:7      | Found a stormy altar of Qazlal.
  8430 | D:7      | Reached skill level 6 in Fighting
  8764 | D:7      | Reached ** piety under Vehumet
  8775 | D:7      | Offered knowledge of Sandblast by Vehumet.
  8959 | D:7      | Found an iron altar of Okawaru.
  8990 | D:7      | Found a sacrificial altar of Ru.
  8998 | D:7      | Reached XP level 10. HP: 100/100 MP: 10/18
  9313 | D:7      | Found Jehacrit's Magic Scroll Shop.
  9316 | D:7      | Bought a scroll of identify for 28 gold pieces
  9316 | D:7      | Bought a scroll of identify for 28 gold pieces
  9316 | D:7      | Bought a scroll of blinking for 105 gold pieces
  9617 | D:8      | Reached skill level 7 in Fire Magic
  9855 | D:9      | Noticed a two-headed ogre
  9863 | D:9      | Noticed Grum
  9867 | D:9      | Killed a two-headed ogre
  9868 | D:9      | Reached skill level 6 in Spellcasting
  9878 | D:9      | Killed Grum
 10120 | D:9      | Learned a level 4 spell: Flame Wave
 10142 | D:9      | Found an ancient bone altar of Kikubaaqudgha.
 10143 | D:9      | Found a blossoming altar of Fedhas.
 10280 | D:8      | Offered knowledge of Mercury Vapours by Vehumet.
 10357 | D:9      | Identified the orb of the Original Sin {*Rage, rElec rC-
                  | Slay+2}
 10378 | D:9      | Reached *** piety under Vehumet
 10596 | D:8      | Reached skill level 8 in Fire Magic
 10883 | D:8      | Offered knowledge of Stone Arrow by Vehumet.
 10920 | D:8      | Found a staircase to the Lair.
 11064 | D:8      | Noticed Erica
 11073 | D:8      | Killed Erica
 11074 | D:8      | Reached skill level 6 in Dodging
 11074 | D:8      | Reached XP level 11. HP: 88/111 MP: 15/21
 11171 | D:8      | You fall into a shaft and drop 3 floors!
 11175 | D:11     | Found a frozen archway.
 11202 | D:10     | Entered Level 10 of the Dungeon
 11344 | D:9      | Noticed a two-headed ogre
 11347 | D:9      | Noticed a two-headed ogre
 11388 | D:8      | Killed a two-headed ogre
 11851 | D:8      | Reached skill level 9 in Fire Magic
 12273 | D:9      | Found the +6 shillelagh "Devastator" {shatter}
 12489 | D:9      | Reached skill level 6 in Conjurations
 12577 | D:9      | Killed a two-headed ogre
 13678 | D:10     | Found an ornate altar of the Wu Jian Council.
 13839 | D:11     | Reached skill level 10 in Fire Magic
 14295 | D:11     | Noticed a two-headed ogre
 14551 | D:11     | Killed a two-headed ogre
 14660 | D:11     | Noticed a centaur warrior
 14728 | D:11     | Reached skill level 1 in Shields
 14929 | D:11     | Killed a centaur warrior
 14930 | D:11     | Reached XP level 12. HP: 75/122 MP: 10/24
 14962 | D:11     | Learned a level 5 spell: Fireball
 15090 | D:11     | Noticed a boulder beetle
 15844 | D:12     | Reached **** piety under Vehumet
 16030 | D:12     | Found Gezig's Distillery.
 16038 | D:12     | Bought a potion of degeneration for 15 gold pieces
 16038 | D:12     | Bought a potion of mutation for 120 gold pieces
 16049 | D:12     | Offered knowledge of Mephitic Cloud by Vehumet.
 16489 | Lair:1   | Entered Level 1 of the Lair of Beasts
 17641 | Lair:1   | Reached skill level 1 in Maces & Flails
 18001 | Lair:2   | Noticed a death yak
 18002 | Lair:2   | Noticed a death yak
 18004 | Lair:2   | Noticed a death yak
 18006 | Lair:2   | Noticed a death yak
 18008 | Lair:2   | Noticed a death yak
 18012 | Lair:1   | Killed a death yak
 18111 | Lair:1   | Killed a death yak
 18223 | Lair:1   | Killed a death yak
 18224 | Lair:1   | Reached skill level 9 in Fighting
 18483 | Lair:1   | Killed a death yak
 18879 | Lair:1   | Killed a death yak
 19009 | Lair:2   | Found a staircase to the Snake Pit.
 19020 | Lair:2   | HP: 1/123 [elephant (16)]
 19022 | Lair:2   | Mangled by an elephant

Illustrated notes

Levels and vault maps discovered:
D:1:      dpeg_arrival_central, layout_rooms, st_stairs_9
D:2:      layout_rooms, basic_altar, shapermc_ecumenical_altar_mp_vishouse,
          hangedman_decor_peaks_small, uniq_natasha
D:3:      layout_basic, mainiacjoe_overflow_tiny_flanked,
          mainiacjoe_overflow_six_doors_small, dk_xom_monty_hall, minivault_27
D:4:      layout_loops_ring, minmay_temple_entry_trees, minmay_misc_feat_columns
D:5:      layout_loops_ring, general_overflow_altar, amcnicky_altar_gilded
D:6:      layout_rooms, mainiacjoe_overflow_boulevard,
          mainiacjoe_overflow_alcove_2, hangedman_feature_mirror, uniq_sigmund
D:7:      layout_layer_cave, mainiacjoe_overflow_brackets,
          nicolae_overflow_crystal_walls, jmf_multi_god_temple2, serial_shops,
          nicolae_shop_rolled_up, small_statue_intersection
D:8:      layout_basic, hellmonk_lair_entry_icy, uniq_erica
D:9:      layout_roguey, grunt_temple_overflow_growth_and_decay,
          dilly_guarded_unrand_devastator, uniq_grum
D:10:     layout_roguey, overflow_temple_1_default, minmay_diced_spiral
D:11:     layout_roguey, portal_ice_cave_entry_imps,
          minmay_mirror_moons_of_madness
D:12:     layout_loops_cross, orc_0_dummy, serial_shops, shop,
          kennysheep_generic_room_16
Temple:   hellmonk_temple_forest_ring
Lair:1:   layout_regular_city
Lair:2:   cheibrodos_lair_river_kwai, layout_cave_pods,
          minmay_swamp_entry_reptiles, guppyfry_snake_entry_island

Skill      XL: |  1  2  3  4  5  6  7  8  9 10 11 12 |
---------------+-------------------------------------+-----
Conjurations   | 1 2 3 4 5 6 |  6.8
Dodging        | 2 3 4 6 7 |  7.6
Fire Magic     | 3 4 5 6 8 10 | 10.9
Fighting       | 1 2 3 5 6 8 9 |  9.2
Evocations     | 1 2 3 4 |  4.9
Spellcasting   | 3 4 5 7 8 |  8.8
Stealth        | 2 3 4 |  4.9
Shields        | 1 2 |  2.8
Maces & Flails | 2 |  2.2

Action                     |  1- 3 |  4- 6 |  7- 9 | 10-12 || total
---------------------------+-------+-------+-------+-------++-------
  Melee: Dagger            |       |    39 |       |       ||    39
         Headbutt          |       |    11 |     4 |    11 ||    26
         Whip              |       |     6 |    39 |    18 ||    63
         Shillelagh        |       |       |       |    48 ||    48
   Cast: Foxfire           |    58 |   154 |   279 |   255 ||   746
         Scorch            |       |     6 |    23 |    56 ||    85
         Flame Wave        |       |       |       |    37 ||    37
         Fireball          |       |       |       |    68 ||    68
  Evoke: Wand              |       |       |       |     3 ||     3
    Use: Scroll            |       |    10 |     8 |     8 ||    26
         Potion            |       |       |     1 |     1 ||     2
   Stab: Sleeping          |       |       |       |     1 ||     1
 Armour: Robe              |    26 |    34 |    60 |   166 ||   286
  Dodge: Dodged            |    10 |    35 |    79 |   280 ||   404

Table legend: (Time is in decaauts)
 A = Elapsed time spent in this place.
 B = Non-inter-level travel time spent in this place.
 C = Inter-level travel time spent in this place.
 D = Time resting spent in this place.
 E = Time spent auto-exploring this place.
 F = Levels seen in this place.
 G = Mean time per level.
                   A        B        C        D        E       F      G
               +--------+--------+--------+--------+--------+-----+--------+
         Total |  19079 |  18632 |    447 |   4994 |  10982 |  15 | 1271.9 |
       Dungeon |  16597 |  16222 |    375 |   3883 |   9937 |  12 | 1383.1 |
        Temple |     36 |      1 |     35 |      0 |      0 |   1 |   36.0 |
          Lair |   2445 |   2408 |     37 |   1111 |   1045 |   2 | 1222.5 |
               +--------+--------+--------+--------+--------+-----+--------+

Top non-repeatable levels by time:
  Lair:1: 2377 daAuts
    D:11: 1787 daAuts
     D:7: 1753 daAuts
     D:9: 1740 daAuts
     D:4: 1566 daAuts
     D:8: 1547 daAuts
     D:5: 1486 daAuts
     D:1: 1461 daAuts
     D:3: 1347 daAuts
    D:10: 1288 daAuts
     D:6: 1004 daAuts
     D:2: 891 daAuts
    D:12: 721 daAuts
  Lair:2: 67 daAuts
  Temple: 36 daAuts
